Map: [ESL] Site Delta

Players

Fjant

  • Race: Zerg Zerg
  • League: Grandmaster
  • Spawn Location: 5:00

Harstem - Winner!

  • Race: Protoss Protoss
  • League: Grandmaster
  • Spawn Location: 11:00

Event: HomeStory Cup XXIV

VOD

Have the link to the VOD?

Description

Time

  • Played on: Dec. 1, 2023, 6:32 a.m.
  • Length: 13:59

All games in this series

Show
View Real Time Build Order
Export as new Build Order

Fjant Zerg 

Build Orders: Hatch First 

Get SALT Encoding   

  12  0:00  Drone  
  13  0:09  Drone  
  13  0:14  Extractor, Drone  
  15  0:36  Hatchery  
  15  0:41  Extractor  
  15  0:42  Drone  
  15  0:48  Overlord  
  15  1:06  Spawning Pool  
  15  1:08  Drone  
  15  1:10  Drone  
  16  1:15  Drone  
  17  1:23  Drone  
  18  1:31  Drone  
  19  1:43  Drone  
  20  1:52  Queen x2  
  20  1:53  Zergling x2  
  25  1:55  Overlord  
  25  1:59  Drone  
  26  2:02  Drone  
  27  2:11  Drone  
  27  2:14  Drone  
  29  2:20  Drone, Extractor  
  29  2:26  Drone  
  29  2:28  Queen x2  
  34  2:31  Drone  
  34  2:34  Drone  
  36  2:45  Overlord  
  36  2:49  Hatchery  
  35  2:51  Zergling x2  
  36  3:04  Zergling x4  
  36  3:05  Drone x4  
  42  3:10  Drone x2  
  44  3:17  Overlord  
  44  3:26  Overlord  
  44  3:33  Overlord  
  44  3:34  Queen  
  44  3:35  Drone  
  44  3:36  Drone  
  44  3:37  Drone x3  
  44  3:40  Metabolic Boost  
  51  3:45  Drone  
  51  3:46  Drone  
  53  3:49  Queen  
  53  3:52  Drone  
  53  3:54  Drone  
  53  3:55  Drone  
  57  4:04  Drone x3  
  57  4:06  Overlord  
  57  4:07  Spore Crawler  
  58  4:14  Queen  
  58  4:15  Overlord  
  60  4:19  Drone x3  
  60  4:22  Overlord  
  60  4:27  Drone x2  
  60  4:28  Drone  
  63  4:34  Overlord  
  63  4:37  Drone x4  
  67  4:42  Lair  
  67  4:44  Spore Crawler  
  66  4:50  Evolution Chamber  
  66  4:51  Roach Warren  
  64  4:53  Drone x2  
  64  4:57  Drone x3  
  69  5:01  Drone x3  
  69  5:05  Extractor  
  69  5:06  Drone  
  69  5:07  Drone x2, Extractor  
  73  5:12  Drone x4  
  77  5:16  Zergling x4  
  77  5:18  Extractor  
  77  5:19  Extractor  
  77  5:20  Zerg Missile Weapons Level 1  
  77  5:27  Zergling x6  
  77  5:28  Zergling x6  
  83  5:34  Spore Crawler  
  83  5:35  Zergling x16  
  86  5:47  Drone x2  
  86  5:48  Glial Reconstitution, Hatchery  
  86  5:49  Drone  
  85  6:07  Overlord  
  81  6:12  Drone x3  
  81  6:13  Drone  
  85  6:19  Overlord  
  85  6:20  Overlord x2  
  85  6:21  Overlord  
  85  6:24  Overlord  
  84  6:25  Overlord  
  84  6:29  Overlord  
  81  6:34  Roach x7  
  81  6:38  Drone x2  
  97  6:41  Drone  
  97  6:47  Overlord  
  97  6:49  Overlord  
  97  6:52  Roach x4  
  105  6:57  Overlord  
  105  6:58  Roach x2  
  109  7:03  Roach x3  
  109  7:04  Overseer  
  109  7:05  Roach  
  117  7:09  Ravager x6  
  117  7:11  Roach  
  117  7:13  Zergling x8  
  126  7:27  Roach x8  
  119  7:37  Roach x6  
  119  7:43  Roach x3  
  133  7:47  Roach x2  
  136  7:56  Roach x5  
  145  7:59  Zergling x12  
  145  8:04  Zergling x8  
  151  8:07  Zerg Missile Weapons Level 2  
  151  8:09  Extractor  
  151  8:10  Drone x2  
  151  8:12  Roach  
  146  8:17  Roach x3  
  146  8:19  Roach x3  
  132  8:29  Roach x5  
  132  8:32  Roach  
  125  8:35  Roach x2  
  123  8:42  Roach x3  
  123  8:45  Drone x2  
  127  8:50  Roach x2  
  127  8:54  Roach x2  
  133  9:03  Roach  
  133  9:04  Roach x3  
  133  9:06  Zergling x6  
  133  9:08  Zergling x2  
  140  9:12  Zergling x2  
  140  9:13  Zergling x4  
  140  9:15  Roach  
  121  9:25  Roach x5  
  122  9:36  Roach x5  
  124  9:42  Overlord  
  124  9:44  Ravager x4  
  127  9:47  Ravager x2  
  127  9:51  Drone x4  
  127  9:52  Drone x2  
  135  10:02  Roach x4  
  139  10:14  Roach  
  139  10:15  Roach x4  
  139  10:19  Drone x2  
  151  10:22  Roach  
  151  10:23  Roach  
  151  10:27  Roach  
  151  10:28  Roach x2  
  157  10:36  Roach x5  
  157  10:38  Drone  
  168  10:43  Zergling x10  
  168  10:46  Zergling x4  
  168  11:00  Overlord  
  168  11:02  Roach x3  
  174  11:06  Zerg Ground Armor Level 1  
  169  11:16  Roach x6  
  170  11:27  Roach x6  
  170  11:31  Roach x5  
  183  11:40  Roach x3  
  183  11:43  Roach x2  
  152  11:50  Roach x4  
  152  11:53  Roach  
  139  11:56  Roach x2  
  136  12:03  Roach x2  
  136  12:05  Roach x2  
  138  12:09  Ravager x5  
  140  12:17  Ravager  
  140  12:19  Ravager  
  140  12:22  Roach x2  
  153  12:23  Roach x5  
  153  12:26  Roach  
  153  12:27  Roach x2  
  148  12:33  Zergling x2  
  124  12:37  Roach x3  
  124  12:43  Roach  
  114  12:48  Roach x5  
  118  12:53  Zergling x4  
  118  12:55  Roach  
  118  12:56  Queen  
  119  13:01  Roach, Queen x3  
  119  13:04  Roach x2  
  131  13:06  Roach, Hydralisk Den  
  131  13:09  Roach  
  136  13:13  Roach x3  
  136  13:14  Hatchery  
  136  13:16  Roach  
  136  13:19  Roach x2  
  145  13:24  Roach  
  145  13:31  Roach x3  
Show
View Real Time Build Order
Export as new Build Order

Harstem Protoss - Winner!

Build Orders: 1 Gate Expand, Oracle Opening, Archon Immortal 

Get SALT Encoding   

  12  0:00  Probe  
  13  0:12  Probe  
  14  0:17  Pylon  
  14  0:24  Probe (Chrono Boost)  
  15  0:36  Probe (Chrono Boost)  
  15  0:38  Gateway  
  16  0:45  Probe (Chrono Boost)  
  16  0:47  Assimilator  
  17  0:51  Probe  
  18  1:03  Probe  
  19  1:15  Probe  
  20  1:23  Nexus  
  20  1:32  Cybernetics Core  
  20  1:35  Probe  
  21  1:41  Assimilator  
  22  1:47  Probe  
  22  1:50  Pylon  
  22  1:59  Probe  
  23  2:06  Adept (Chrono Boost)  
  23  2:11  Probe  
  26  2:20  Stargate  
  26  2:23  Probe  
  26  2:26  Adept (Chrono Boost)  
  29  2:33  Warp Gate  
  29  2:34  Probe  
  29  2:35  Probe  
  31  2:47  Probe x2  
  31  2:49  Adept  
  35  2:59  Probe x2  
  35  3:01  Pylon  
  35  3:04  Oracle (Chrono Boost)  
  37  3:11  Probe x2  
  42  3:15  Gateway  
  42  3:23  Probe x2  
  44  3:31  Oracle (Chrono Boost)  
  44  3:35  Probe  
  44  3:36  Probe  
  49  3:41  Pylon  
  49  3:47  Nexus  
  49  3:49  Probe  
  49  3:50  Probe  
  51  4:01  Oracle (Chrono Boost), Probe  
  52  4:02  Probe  
  56  4:10  Pylon  
  56  4:12  Assimilator  
  56  4:13  Probe  
  56  4:15  Probe  
  58  4:26  Probe (Chrono Boost)  
  58  4:27  Probe (Chrono Boost)  
  58  4:29  Stalker x2  
  64  4:36  Assimilator  
  64  4:37  Forge  
  66  4:39  Probe (Chrono Boost)  
  66  4:43  Probe (Chrono Boost)  
  66  4:46  Probe (Chrono Boost)  
  66  4:50  Probe (Chrono Boost)  
  68  4:53  Twilight Council, Probe  
  68  4:59  Stalker x2  
  73  5:00  Probe  
  73  5:02  Probe  
  73  5:04  Protoss Ground Weapons Level 1 (Chrono Boost)  
  73  5:05  Robotics Facility, Probe  
  76  5:12  Probe  
  76  5:14  Probe  
  78  5:16  Pylon  
  78  5:19  Gateway, Probe  
  78  5:20  Gateway  
  79  5:24  Adept x2  
  83  5:31  Probe  
  83  5:33  Probe, Charge (Chrono Boost)  
  84  5:36  Shield Battery  
  83  5:46  Probe  
  83  5:49  Zealot, Probe  
  87  5:51  Assimilator, Warp Prism (Chrono Boost)  
  87  5:53  Pylon  
  87  5:55  Assimilator  
  89  5:58  Templar Archives  
  89  6:00  Probe  
  89  6:03  Pylon  
  88  6:11  Probe  
  88  6:13  Probe  
  88  6:16  Probe  
  91  6:19  Pylon  
  91  6:20  Zealot x3  
  91  6:22  Pylon  
  91  6:23  Probe  
  91  6:25  Gateway  
  98  6:27  Gateway  
  98  6:28  Probe  
  98  6:32  Probe  
  98  6:35  Probe  
  98  6:37  Pylon  
  98  6:39  Photon Cannon  
  99  6:40  Probe  
  99  6:41  High Templar x4  
  99  6:45  Archon  
  99  6:46  Archon  
  109  6:49  Gateway  
  109  6:51  Gateway  
  108  7:03  Protoss Ground Weapons Level 2 (Chrono Boost), Probe  
  109  7:09  Nexus  
  109  7:13  High Templar x2  
  109  7:14  Zealot x2  
  109  7:15  Probe  
  118  7:18  Archon  
  118  7:22  Probe  
  117  7:23  Immortal (Chrono Boost)  
  117  7:25  Zealot x2  
  109  7:32  Probe  
  100  7:38  Zealot x2  
  96  7:46  Gateway  
  96  7:48  Gateway  
  96  7:49  High Templar, Immortal (Chrono Boost)  
  96  7:50  High Templar, Zealot x3  
  108  7:55  Archon  
  108  7:57  Zealot  
  104  8:00  Probe  
  104  8:04  Zealot x2  
  107  8:05  Probe  
  107  8:10  Zealot x3  
  106  8:18  Immortal  
  108  8:24  Zealot x3  
  104  8:27  Zealot  
  104  8:28  Zealot  
  104  8:33  Zealot x3  
  104  8:35  Probe x2  
  104  8:37  Probe, Pylon  
  104  8:41  Probe  
  106  8:43  High Templar  
  106  8:44  High Templar  
  110  8:48  Archon  
  110  8:49  Zealot x5  
  110  8:52  Probe  
  121  8:56  Shield Battery  
  121  8:58  High Templar x2  
  121  9:01  Assimilator  
  121  9:02  Zealot  
  123  9:06  Assimilator  
  111  9:13  Zealot x5  
  111  9:15  Protoss Ground Weapons Level 3 (Chrono Boost)  
  114  9:17  Probe  
  114  9:20  Zealot x2, Probe  
  114  9:22  Probe  
  118  9:25  Probe  
  118  9:29  Probe  
  120  9:36  High Templar x4  
  120  9:37  High Templar x2  
  124  9:43  Archon x3  
  124  9:44  Probe  
  122  9:45  Probe  
  122  9:49  High Templar x2, Photon Cannon, Zealot  
  122  9:50  Zealot, Immortal (Chrono Boost), Pylon  
  134  9:54  Archon  
  134  10:13  Zealot x8  
  140  10:19  Immortal (Chrono Boost)  
  140  10:25  Oracle (Chrono Boost)  
  140  10:26  Shield Battery  
  141  10:30  Shield Battery  
  141  10:32  Zealot x2  
  141  10:34  High Templar x4  
  149  10:36  Zealot x2  
  149  10:37  Archon  
  149  10:42  Stalker x2  
  157  10:44  Archon  
  157  10:51  Immortal (Chrono Boost)  
  157  10:56  Probe  
  157  10:57  Pylon  
  154  10:59  Zealot x4  
  160  11:06  Zealot x2  
  160  11:10  Probe  
  161  11:12  Pylon  
  161  11:15  Pylon  
  161  11:18  Zealot x4  
  163  11:31  Sentry x2  
  163  11:32  Sentry x2, Zealot x2  
  155  11:41  Zealot x3  
  137  11:51  Immortal  
  131  11:55  Zealot x5  
  131  11:56  Zealot  
  143  12:04  Protoss Ground Armor Level 1 (Chrono Boost)  
  143  12:07  High Templar x2, Zealot  
  149  12:13  Archon  
  149  12:14  Gateway  
  149  12:18  Photon Cannon  
  149  12:20  Zealot x4  
  157  12:28  Warp Prism (Chrono Boost)  
  145  12:32  Zealot x2  
  145  12:33  Zealot  
  137  12:43  Zealot x4  
  139  12:55  High Templar  
  139  12:56  High Templar x3, Zealot, Immortal  
  151  13:04  Archon x2  
  151  13:05  High Templar x4  
  159  13:10  Archon  
  159  13:11  Archon  
  159  13:16  Nexus  
  159  13:19  Zealot x2  
  163  13:23  Pylon  
  161  13:36  Zealot x3  
  161  13:37  Zealot x5  
  161  13:41  Zealot x2  
Tags
 
Add a new tag
Caveats
  • Supply blocks, unpowered buildings, or Contaminate may cause inaccurate times.
  • Supply counts are checked every 10 seconds.